 Dungeon Crawl Stone Soup version 0.28-b1-70-g80dc712255 (webtiles) character file.

Game seed: 1822359040130512539

162536 croobank the Unseen (level 17, -14/80 HPs)
             Began as a Vine Stalker Brigand on Feb 4, 2022.
             Was the Champion of Hepliaklqana.
             Demolished by a white very ugly thing (30 damage)
             ... on level 2 of the Snake Pit.
             The game lasted 02:47:21 (24857 turns).

croobank the Unseen (Vine Stalker Brigand)         Turns: 24857, Time: 02:47:51

Health: -14/80     AC: 28    Str: 24    XL:     17   Next: 81%
Magic:  0/9        EV: 13    Int: 13    God:    Hepliaklqana [******]
Gold:   1914       SH:  5    Dex: 26    Spells: 16/16 levels left

rFire   x . .      SeeInvis +   J - +7 battleaxe "Peimoici" {antimagic, Dex+6}
rCold   . . .      Faith    .   (shield currently unavailable)
rNeg    . . .      Spirit   +   P - +1 chain mail of Starshine {Regen+ Str-4 Stlth+}
rPois   .          Reflect  +   I - +3 crown of Dyrovepreva {rElec Int+2 SInv}
rElec   +          Harm     .   r - +3 cloak "Juhuq" {rC- MP+9 Stlth+}
rCorr   .          Rampage  +   F - +0 pair of gloves of Voxkiy {Contam Dex+5}
Will    ++...                   m - +1 pair of boots {rampage}
Stlth   +++++++...              i - amulet "Oloh" {Reflect Str+5 SH+5 Stlth+}
HPRegen 1.83/turn               O - +4 ring of protection
MPRegen 0.11/turn               h - ring of ice

@: studying Throwing
A: reduced essence, fangs 3, regeneration 1, magic shield, antimagic bite, no
potion heal 2, antennae 1
a: Renounce Religion, Recall Ancestor, Ancestor Identity, Transference, Idealise


You were on level 2 of the Snake Pit.
You worshipped Hepliaklqana.
Hepliaklqana was exalted by your worship.
You visited 5 branches of the dungeon, and saw 26 of its levels.
You also visited: Gauntlet and Ice Cave.

You collected 2507 gold pieces.
You spent 593 gold pieces at shops.

Inventory:

Hand Weapons
 a - a +5 dagger of chaos
 b - a +1 hunting sling of flaming
 d - a +2 battleaxe of distortion
 x - a +2 short sword of holy wrath
 H - a +4 scimitar of flaming
 J - the +7 battleaxe "Peimoici" (weapon) {antimagic, Dex+6}
   (You found it on level 13 of the Dungeon)

   It reduces the magical energy of the wielder, and disrupts the spells and
   magical abilities of those it strikes.
   Natural abilities and divine invocations are not affected.
   Dex:       It affects your dexterity (+6).
Missiles
 e - 7 curare-tipped darts (quivered)
 u - 5 atropa-tipped darts
 Q - 118 sling bullets
 Y - 20 boomerangs
Armour
 m - a +1 pair of boots of rampaging (worn)
 o - a +3 scale mail
 r - the +3 cloak "Juhuq" (worn) {rC- MP+9 Stlth+}
   (You acquired it on level 1 of the Lair of Beasts)

   rC:        It makes you vulnerable to cold.
   MP:        It affects your magic capacity (+9).
   Stlth:     It makes you more stealthy.
 C - a +2 pair of boots
 F - the +0 pair of gloves of Voxkiy (worn) {Contam Dex+5}
   (You found it on level 5 of the Lair of Beasts)

   Dex:       It affects your dexterity (+5).
   Contam:    It causes magical contamination when unequipped.
 I - the +3 crown of Dyrovepreva (worn) {rElec Int+2 SInv}
   (You found it in a Gauntlet)

   Int:       It affects your intelligence (+2).
   rElec:     It insulates you from electricity.
   SInv:      It lets you see invisible.
 P - the +1 chain mail of Starshine (worn) {Regen+ Str-4 Stlth+}
   (You found it on level 6 of the Dungeon)

   Str:       It affects your strength (-4).
   Regen:     It increases your rate of health regeneration.
   Stlth:     It makes you more stealthy.
 W - a +2 kite shield
Jewellery
 h - a ring of ice (right hand)
 i - the amulet "Oloh" (around neck) {Reflect Str+5 SH+5 Stlth+}
   (You acquired it on level 9 of the Dungeon)

   [amulet of reflection]

   It reflects blocked missile attacks.
   Str:       It affects your strength (+5).
   SH:        It affects your SH (+5).
   Stlth:     It makes you more stealthy.
 j - the amulet "Oseaqy" {Acrobat Int+4}
   (You found it in a Gauntlet)

   [amulet of the acrobat]

   It increases your evasion while moving and waiting.
   Int:       It affects your intelligence (+4).
 t - a ring of magical power
 v - a ring of willpower
 A - a ring of protection from fire
 D - a ring of fire
 E - an amulet of magic regeneration
 M - a ring of flight
 O - a +4 ring of protection (left hand)
 R - a +4 ring of evasion
 V - a ring of wizardry
Wands
 s - a wand of acid (17)
 w - a wand of iceblast (16)
 y - a wand of digging (8)
 K - a wand of paralysis (6)
 S - a wand of mindburst (6)
 X - a wand of flame (22)
Scrolls
 f - 4 scrolls of magic mapping
 g - 5 scrolls of fear
 k - a scroll of summoning
 l - 5 scrolls of teleportation
 L - 3 scrolls of blinking
 Z - 3 scrolls of silence
Potions
 n - 12 potions of curing
 p - a potion of resistance
 q - a potion of haste
 G - 4 potions of brilliance
 N - a potion of cancellation
 U - 3 potions of flight
Miscellaneous
 c - a box of beasts
 z - a condenser vane
 B - a phantom mirror
 T - a phial of floods


   Skills:
 - Level 10.2 Fighting
 - Level 10.3 Short Blades
 + Level 11.5 Axes
 - Level 9.7(10.2) Slings
 - Level 4.5(7.7) Throwing
 - Level 10.0 Armour
 - Level 5.8 Dodging
 - Level 15.8 Stealth
 - Level 10.8 Shields


You had 16 spell levels left.
You didn't know any spells.
Your spell library contained the following spells:

 Spells                   Type           Power      Damage    Failure   Level
 Animate Skeleton         Necr           0%         N/A       86%         1
 Freeze                   Ice            0%         1d3       86%         1
 Pain                     Necr           0%         1d4       86%         1
 Sandblast                Erth           0%         2d4       86%         1
 Blink                    Tloc           0%         N/A       94%         2
 Ensorcelled Hibernation  Hex/Ice        0%         N/A       94%         2
 Passwall                 Tmut/Erth      0%         N/A       94%         2
 Frozen Ramparts          Ice            0%         1d2       99%         3
 Stone Arrow              Conj/Erth      0%         3d7       99%         3
 Summon Guardian Golem    Hex/Summ       0%         N/A       99%         3
 Swiftness                Air            0%         N/A       99%         3
 Vampiric Draining        Necr           0%         2d6       99%         3
 Animate Armour           Summ/Erth      0%         N/A       100%        4
 Fulminant Prism          Conj/Hex       0%         3d6       100%        4
 Hailstorm                Conj/Ice       0%         3d3       100%        4
 Summon Ice Beast         Ice/Summ       0%         N/A       100%        4
 Blade Hands              Tmut           0%         N/A       100%        5
 Manifold Assault         Tloc           0%         N/A       100%        5
 Summon Mana Viper        Hex/Summ       0%         N/A       100%        5
 Conjure Ball Lightning   Conj/Air       0%         3x3d6     100%        6
 Iron Shot                Conj/Erth      0%         9d1       100%        6
 Monstrous Menagerie      Summ           0%         N/A       100%        7
 Orb of Destruction       Conj           0%         9d5       100%        7
 Spellforged Servitor     Conj/Summ      0%         N/A       100%        7
 Storm Form               Tmut/Air       0%         N/A       100%        7


Dungeon Overview and Level Annotations

Branches:
Dungeon (15/15)            Temple (1/1) D:6            Lair (6/6) D:10
 Shoals (0/4) Lair:4        Snake (2/4) Lair:3        Slime (0/5) Lair:5
    Orc (2/2) D:11            Elf (0/3) Orc:2        Vaults (0/5) D:14
 Depths (0/4) D:15          IceCv (visited)         Gauntlet (visited)

Altars:
Ashenzari
Cheibriados
Dithmenos
Elyvilon
Fedhas
Gozag
Hepliaklqana
Kikubaaqudgha
Makhleb
Nemelex Xobeh
Okawaru
Qazlal
Ru
Sif Muna
Trog
Uskayaw
Vehumet
Wu Jian
Xom
Yredelemnul
Zin
The Shining One
Beogh

Shops:
D:1 (   D:3 (*(   D:6 **   Orc:2 ?(?!=

Portals:
Trove: D:13 (give 4 potions of resistance)

Annotations:
D:2 Sigmund
D:7 2 transporters, 6ean6oy's ghost, novice DsBe
D:9 1 runed translucent door, BeavisTheGrey's ghost, novice TrMo
D:13 Azrael
Lair:3 3 runed translucent doors, exclusion: oklob plant, packet's ghost, journeyman MiFi
Lair:5 exclusion: oklob plant
Snake:2 1 transporter


Innate Abilities, Weirdness & Mutations

Your life essence is reduced to manifest your ancestor. (-10% HP)
You have razor-sharp teeth.
Your natural rate of healing is unusually fast.
When hurt, damage is shared between your health and your magic reserves.
Your bite disrupts and absorbs the magic of your enemies.
Potions cannot restore your health.
You have a pair of small antennae on your head.


Message History

Manelesi resists.
The lindwurm simulacrum claws Manelesi.
The lindwurm simulacrum freezes Manelesi!
Manelesi resists.
The lindwurm simulacrum claws Manelesi.
The lindwurm simulacrum freezes Manelesi!
Manelesi resists.
Manelesi is destroyed!
Welcome back to the Snake Pit!
Level annotation: 1 transporter
There is a collapsed entrance here.
A white very ugly thing is nearby!
A white very ugly thing is nearby!
You slash the white very ugly thing! You bite the white very ugly thing!
You drain its power.
You feel invigorated.
The white very ugly thing is moderately wounded.
The white very ugly thing closely misses you.
You slash the white very ugly thing!
You bite the white very ugly thing, but do no damage.
The white very ugly thing is moderately wounded.
The white very ugly thing closely misses you.
You closely miss the white very ugly thing.
The white very ugly thing is moderately wounded.
The white very ugly thing claws you but does no damage. x2
You barely miss the white very ugly thing.
You bite the white very ugly thing. You drain its power.
The white very ugly thing is moderately wounded.
The white very ugly thing misses you.
You closely miss the white very ugly thing.
You bite the white very ugly thing. You drain its power.
The white very ugly thing is moderately wounded.
The white very ugly thing claws you. The white very ugly thing freezes you!!
* * * LOW HITPOINT WARNING * * *
You hit the white very ugly thing. You bite the white very ugly thing.
You drain its power.
You feel invigorated.
The white very ugly thing is heavily wounded.
The white very ugly thing claws you.
* * * LOW HITPOINT WARNING * * *
The white very ugly thing freezes you!!!
You die...

#(#...
######### ...#.
#.##....## ....
#.#.....u# #...
#.'....@.# #...
#.#......# #...
#.##....##
#...###.#######
#. ##
#.##...)...# [
..
.......)..### .
.#
#########...#
.#.##
###.#######
#... #.......#
#..#


You could see a white very ugly thing.

Vanquished Creatures
  A very ugly thing (D:15)
  A minotaur (Gauntlet)
  A great orb of eyes (D:15)
  9 hydras
  Erolcha (D:13)
  3 boulder beetles
  5 vault guards
  2 centaur warriors
  2 hell beasts (Gauntlet)
  3 ogre magi
  3 two-headed ogres
  An anaconda (Snake:1)
  10 death yaks (Lair:6)
  Nergalle (Orc:2)
  5 skeletal warriors
  A sea snake (shapeshifter) (Lair:6)
  A naga ritualist (Snake:1)
  A lindwurm (Lair:2)
  3 orc knights
  A necromancer (Gauntlet)
  A deep elf pyromancer (D:13)
  4 ugly things (D:15)
  6 orc sorcerers
  3 cyclopes
  3 salamanders
  2 manticores
  A merfolk siren (Lair:4)
  18 black mambas
  26 elephants
  Maurice (Orc:2)
  A naga mage (Snake:2)
  A guardian serpent (Lair:6)
  An ice statue (Snake:2)
  A gargoyle (D:11)
  Maggie (Lair:2)
  Psyche (D:9)
  5 komodo dragons
  6 cane toads
  An unseen horror (D:10)
  An efreet (D:13)
  A tengu conjurer (D:13)
  4 yaktaurs (D:15)
  A merfolk (Lair:4)
  A troll (shapeshifter) (D:15)
  5 trolls
  2 polar bears (Lair:4)
  2 meliai (Gauntlet)
  A wolf spider simulacrum (D:14)
  4 hornets
  12 blink frogs
  2 dream sheep (Lair:5)
  2 centaur simulacra
  6 slime creatures
  A flying skull (Gauntlet)
  2 spriggans (shapeshifter)
  4 wraiths (Orc:2)
  7 wyverns
  41 yaks
  5 basilisks
  A redback (shapeshifter) (D:15)
  2 vampire mosquitoes (D:13)
  2 golden eyes (shapeshifter)
  4 steam dragons
  2 redbacks (Lair:6)
  Menkaure (D:4)
  5 nagas
  A harpy simulacrum (IceCv)
  A warg (Orc:1)
  19 water moccasins
  A hornet zombie (D:5)
  A black bear (shapeshifter) (D:15)
  2 ice beasts
  15 orc warriors
  A sky beast (D:6)
  3 black bears
  18 ogres
  A necrophage (D:6)
  9 centaurs
  2 wolves
  2 boggarts (D:15)
  2 phantoms
  A battlemage (D:12)
  4 kobold brigands
  10 bullfrogs
  A wyvern zombie (D:7)
  2 gnoll sergeants (D:6)
  2 scorpions (D:5)
  A wyvern skeleton (D:7)
  A water moccasin zombie (D:7)
  A killer bee (D:8)
  2 vampire bats (Lair:3)
  A howler monkey (D:5)
  An electric eel (D:9)
  2 centaur zombies
  2 jellies
  A centaur skeleton (D:7)
  5 hounds (D:6)
  Crazy Yiuf (D:4)
  A bullfrog skeleton (D:5)
  9 orc priests
  2 iguanas
  2 scorpion zombies (D:5)
  26 orc wizards
  2 hell rats (Lair:1)
  A hound zombie (D:5)
  A hound skeleton (D:5)
  A howler monkey zombie (D:5)
  12 adders
  10 gnolls
  4 river rats (Lair:1)
  A shadow imp (D:7)
  A white imp (D:6)
  An ufetubus (D:5)
  2 worms
  2 dart slugs
  41 orcs
  8 ball pythons
  5 endoplasms
  4 giant cockroaches
  A goblin (D:1)
  14 hobgoblins
  2 quokkas
  4 bats
  3 frilled lizards (D:1)
  28 kobolds
  A quokka skeleton (D:4)
  10 rats
574 creatures vanquished.

Vanquished Creatures (collateral kills)
  Gastronok (D:9)
  Snorg (D:14)
  Josephine (Orc:2)
  A naga warrior (Snake:1)
  An ogre mage (Orc:2)
  3 hydras
  4 vault guards (D:14)
  3 two-headed ogres
  An anaconda (Snake:1)
  4 death yaks (Lair:6)
  4 skeletal warriors
  A lindwurm (Lair:2)
  A wolf spider (Lair:6)
  An orc sorcerer (Orc:2)
  A merfolk siren (Lair:4)
  A cyclops (D:12)
  12 elephants
  7 black mambas
  A black mamba (shapeshifter) (Lair:6)
  A gargoyle (D:12)
  3 cane toads
  A cane toad (shapeshifter) (Lair:6)
  An unseen horror (D:12)
  An unseen horror (shapeshifter) (D:15)
  4 komodo dragons
  3 trolls
  A merfolk (Lair:4)
  2 hornets
  5 blink frogs
  2 slime creatures
  A dream sheep (shapeshifter) (D:15)
  4 dream sheep
  3 flying skulls (Gauntlet)
  A dire elephant simulacrum (IceCv)
  4 wyverns
  15 yaks
  A fire elemental (D:13)
  2 redbacks (Lair:6)
  A basilisk (Lair:2)
  A wraith (Orc:2)
  6 vampire mosquitoes
  2 wargs (Orc:2)
  2 acid dragons
  12 water moccasins
  3 hell hounds
  8 orc warriors
  A sky beast (D:8)
  3 boggarts (D:15)
  An ogre (D:11)
  9 wolves
  5 centaurs
  5 kobold brigands
  4 bullfrogs
  A gnoll sergeant (D:11)
  2 killer bees (D:8)
  A vampire bat (Lair:3)
  A hound (D:6)
  4 orc priests
  8 orc wizards
  3 hell rats (Lair:1)
  4 river rats (Lair:1)
  A shadow imp (D:8)
  18 orcs
  2 bats (Lair:3)
  6 kobolds
  A rat (Lair:1)
  A bush (Lair:6)
220 creatures vanquished.

Vanquished Creatures (others)
  A wizard (D:15)
  19 battlemagi
  An orc wizard (Orc:2)
  2 ancestors (D:6)
  48 fungi
  117 plants
  4 withered plants (Gauntlet)
192 creatures vanquished.

Grand Total: 986 creatures vanquished

Notes
Turn   | Place    | Note
-------+----------+-------------------------------------------
     0 | D:1      | croobank the Vine Stalker Brigand began the quest for the
                  | Orb.
     0 | D:1      | Reached XP level 1. HP: 11/11 MP: 2/2
    69 | D:1      | Reached skill level 5 in Stealth
   520 | D:1      | Reached XP level 2. HP: 15/15 MP: 3/3
   699 | D:1      | Found Qaj Sith's Antique Weapon Boutique.
  1829 | D:2      | Reached XP level 3. HP: 18/18 MP: 4/4
  1857 | D:2      | Found a faded altar of an unknown god.
  2405 | D:2      | Identified the +1 robe "Usov" {rC- rN++ Stlth+}
  2419 | D:2      | Reached skill level 1 in Dodging
  2432 | D:2      | Reached skill level 6 in Stealth
  2678 | D:2      | Noticed Sigmund
  2821 | D:3      | Found Seorph's Weapon Shoppe.
  2848 | D:3      | Bought a +1 hunting sling of flaming for 116 gold pieces
  2911 | D:3      | Gained mutation: Your natural rate of healing is unusually
                  | fast. [Vine Stalker growth]
  2911 | D:3      | Reached XP level 4. HP: 23/23 MP: 5/5
  3073 | D:3      | Found Zudduino's General Store.
  3088 | D:3      | Bought 5 atropa-tipped darts for 36 gold pieces
  3216 | D:3      | Found Sonitak's Weapon Emporium.
  3592 | D:4      | Reached XP level 5. HP: 27/27 MP: 6/6
  3607 | D:4      | Reached skill level 7 in Stealth
  3704 | D:4      | Noticed Menkaure
  3729 | D:5      | Entered Level 5 of the Dungeon
  3733 | D:5      | Gained mutation: You have a pair of small antennae on your
                  | head. [potion of mutation]
  3812 | D:5      | Noticed an ogre
  3846 | D:5      | Reached skill level 1 in Slings
  3920 | D:5      | Reached XP level 6. HP: 32/32 MP: 7/7
  4062 | D:5      | Reached XP level 7. HP: 26/36 MP: 8/8
  4409 | D:5      | Gained mutation: You have razor-sharp teeth. [Vine Stalker
                  | growth]
  4409 | D:5      | Reached XP level 8. HP: 39/40 MP: 9/9
  4535 | D:6      | Reached skill level 5 in Slings
  4603 | D:6      | Found a staircase to the Ecumenical Temple.
  4608 | Temple   | Entered the Ecumenical Temple
  4629 | Temple   | Became a worshipper of Hepliaklqana the Forgotten
  4971 | D:6      | Found Uvvuiruste's Specific Store.
  4971 | D:6      | Found Ivuol's General Store.
  5074 | D:6      | Bought 2 scrolls of identify for 52 gold pieces
  5203 | D:6      | Noticed a yak
  5203 | D:6      | Noticed a yak
  5203 | D:6      | Noticed a yak
  5338 | D:6      | Reached XP level 9. HP: 22/46 MP: 7/10
  5354 | D:7      | Reached skill level 5 in Short Blades
  5414 | D:7      | Found a transporter.
  5430 | D:7      | Noticed 6ean6oy's ghost (novice DsBe)
  5529 | D:7      | Found a transporter.
  5547 | D:6      | Reached skill level 8 in Stealth
  5569 | D:6      | Identified the +1 chain mail of Starshine {Regen+ Str-4
                  | Stlth+}
  5679 | D:4      | Killed Menkaure
  5680 | D:4      | Reached skill level 5 in Fighting
  5735 | D:4      | Reached * piety under Hepliaklqana
  5940 | D:4      | Found a runed translucent door.
  5941 | D:4      | Noticed Crazy Yiuf
  6182 | D:4      | Killed Crazy Yiuf
  6996 | D:6      | Reached XP level 10. HP: 41/45 MP: 9/11
  7016 | D:6      | Reached skill level 9 in Stealth
  7801 | D:7      | Found a shimmering blue altar of Sif Muna.
  8007 | D:8      | Reached ** piety under Hepliaklqana
  8009 | D:8      | Remembered your ancestor Manelesi as a battlemage
  8040 | D:8      | Reached skill level 1 in Armour
  8884 | D:9      | Noticed Gastronok
  8898 | D:9      | Killed Gastronok
  9245 | D:9      | Found a runed translucent door.
  9245 | D:9      | Noticed BeavisTheGrey's ghost (novice TrMo)
  9262 | D:9      | Identified a scroll of acquirement
  9263 | D:9      | Acquired the amulet "Oloh" {Reflect Str+5 SH+5 Stlth+}
  9367 | D:9      | Noticed Psyche
  9375 | D:9      | Killed Psyche
  9376 | D:9      | Reached XP level 11. HP: 52/52 MP: 12/12
  9542 | D:9      | Reached *** piety under Hepliaklqana
  9892 | D:10     | Entered Level 10 of the Dungeon
 10014 | D:10     | Noticed a two-headed ogre
 10142 | D:9      | Killed a two-headed ogre
 10143 | D:9      | Reached skill level 10 in Stealth
 10242 | D:10     | Found a staircase to the Lair.
 10256 | Lair:1   | Entered Level 1 of the Lair of Beasts
 10367 | Lair:1   | Acquired the +3 cloak "Juhuq" {rC- MP+9 Stlth+}
 11123 | Lair:1   | Reached **** piety under Hepliaklqana
 11374 | Lair:2   | Reached skill level 5 in Armour
 11374 | Lair:2   | Reached skill level 1 in Shields
 11437 | Lair:2   | Reached XP level 12. HP: 39/57 MP: 13/13
 11482 | Lair:2   | Reached skill level 11 in Stealth
 11752 | Lair:2   | Noticed Maggie
 11759 | Lair:2   | Killed Maggie
 11901 | Lair:2   | Got the Grimoire of Bewitching Confrontation
 12525 | Lair:3   | Found a staircase to the Snake Pit.
 12773 | Lair:3   | Reached skill level 12 in Stealth
 12976 | Lair:3   | Found a runed translucent gate.
 12976 | Lair:3   | Found a runed translucent gate.
 12976 | Lair:3   | Found a runed translucent gate.
 12976 | Lair:3   | Noticed packet's ghost (journeyman MiFi)
 13135 | Lair:3   | Reached ***** piety under Hepliaklqana
 13241 | Lair:3   | Reached XP level 13. HP: 61/61 MP: 14/14
 13728 | Lair:4   | Found a staircase to the Shoals.
 14526 | Lair:4   | Reached skill level 13 in Stealth
 15054 | Lair:5   | Reached skill level 5 in Shields
 15121 | Lair:5   | Found a staircase to the Slime Pits.
 15136 | Lair:5   | Identified the +0 pair of gloves of Voxkiy {Contam Dex+5}
 15570 | Lair:6   | Entered Level 6 of the Lair of Beasts
 15577 | Lair:6   | Reached XP level 14. HP: 57/67 MP: 15/15
 15648 | Lair:6   | Reached skill level 5 in Dodging
 16564 | Lair:6   | Reached ****** piety under Hepliaklqana
 16644 | Lair:6   | Reached XP level 15. HP: 33/72 MP: 16/16
 16662 | Lair:6   | Reached skill level 10 in Short Blades
 18217 | D:11     | Found a staircase to the Orcish Mines.
 18240 | D:11     | Reached skill level 10 in Fighting
 18435 | D:11     | Reached skill level 10 in Shields
 18882 | D:12     | Found a gate leading to a gauntlet.
 18891 | Gauntlet | Entered a Gauntlet
 18891 | Gauntlet | Found a transporter.
 18903 | Gauntlet | Reached skill level 14 in Stealth
 18904 | Gauntlet | Found a transporter.
 18910 | Gauntlet | Found a transporter.
 18910 | Gauntlet | Found a transporter.
 18925 | Gauntlet | Found the +3 crown of Dyrovepreva {rElec Int+2 SInv}
 18925 | Gauntlet | Found a transporter.
 18943 | Gauntlet | Found a transporter.
 18945 | Gauntlet | Found a transporter.
 18967 | Gauntlet | Reached skill level 15 in Stealth
 18967 | Gauntlet | Reached XP level 16. HP: 76/76 MP: 17/17
 18983 | Gauntlet | Found a transporter.
 18983 | Gauntlet | Found a transporter.
 18993 | Gauntlet | Found a transporter.
 19028 | Gauntlet | Found a transporter.
 19040 | Gauntlet | Found a transporter.
 19047 | Gauntlet | Found a transporter.
 19049 | Gauntlet | Identified the amulet "Oseaqy" {Acrobat Int+4}
 19084 | Gauntlet | Found a transporter.
 19115 | Gauntlet | Identified the +0 helmet "Ifakluh" {Fly Int-3 SInv}
 19149 | D:12     | Reached skill level 10 in Armour
 20130 | D:13     | Noticed Erolcha
 20135 | D:13     | Killed Erolcha
 20160 | D:13     | Identified the +7 battleaxe "Peimoici" {antimagic, Dex+6}
 20178 | D:13     | Noticed Azrael
 20288 | D:13     | Reached skill level 1 in Axes
 20429 | D:13     | Found a portal to a secret trove of treasure.
 20580 | D:14     | Found a gate to the Vaults.
 20649 | D:14     | Reached skill level 5 in Axes
 20667 | D:14     | Reached XP level 17. HP: 68/80 MP: 18/18
 20691 | D:14     | Noticed Snorg
 20711 | D:14     | Killed Snorg
 20786 | D:14     | You fall into a shaft and drop 1 floor!
 20786 | D:15     | Entered Level 15 of the Dungeon
 22185 | D:15     | Found a staircase to the Depths.
 22352 | Orc:1    | Entered Level 1 of the Orcish Mines
 22665 | Orc:2    | Entered Level 2 of the Orcish Mines
 22665 | Orc:2    | Found Hurafel's Magic Scroll Shoppe.
 22741 | Orc:2    | Found a staircase to the Elven Halls.
 22792 | Orc:2    | Noticed Josephine
 22800 | Orc:2    | Killed Josephine
 22974 | Orc:2    | Noticed Maurice
 22982 | Orc:2    | Killed Maurice
 23110 | Orc:2    | Reached skill level 10 in Axes
 23113 | Orc:2    | Found Ifarghaed's Jewellery Boutique.
 23132 | Orc:2    | Found a radiant altar of Vehumet.
 23139 | Orc:2    | Found Ubbigg's Distillery.
 23154 | Orc:2    | Noticed Nergalle
 23155 | Orc:2    | Found an ancient bone altar of Kikubaaqudgha.
 23168 | Orc:2    | Killed Nergalle
 23190 | Orc:2    | Found Kawn's Antique Weapon Boutique.
 23305 | Orc:2    | Found Soneesit's Magic Scroll Shop.
 23472 | Orc:2    | Bought a scroll of identify for 30 gold pieces
 23564 | Orc:2    | Bought a scroll of identify for 34 gold pieces
 23754 | Orc:2    | Bought a ring of protection from fire for 325 gold pieces
 23932 | Snake:1  | Entered Level 1 of the Snake Pit
 24683 | Snake:1  | You fall into a shaft and drop 1 floor!
 24686 | Snake:2  | Found a transporter.
 24826 | Snake:2  | Found a frozen archway.
 24839 | IceCv    | Entered an ice cave
 24857 | Snake:2  | Demolished by a white very ugly thing

Illustrated notes

Levels and vault maps discovered:
D:1:      beargit_arrival_diablo_church, layout_basic, serial_shops, shop,
          kennysheep_nondescript, st_stairs_6
D:2:      layout_rooms, hellmonk_ecumenical_altar_zigzags,
          kennysheep_cross_room, grunt_ministairs_4, uniq_sigmund
D:3:      layout_loops_ring, serial_shops, shop, nicolae_shop_waterfront, shop,
          minmay_misc_feat_four_crosses
D:4:      nicolae_BIG_FREAKIN_CUBE, layout_rooms, grunt_decor_arrowhead,
          serial_park_tiny_1, minmay_fractal_squares_5, uniq_menkaure,
          uniq_crazy_yiuf_cottage
D:5:      layout_basic
D:6:      kennysheep_housing_project, layout_loops_ring, temple_doors_ab,
          nicolae_specific_store, amcnicky_mini_pool_medium
D:7:      layout_cave_pools, mainiacjoe_overflow_alcove_2, gammafunk_ghost_arena
D:8:      layout_basic, grunt_ministairs_8
D:9:      layout_basic, hellmonk_ghost_big_iron, uniq_psyche, uniq_gastronok
D:10:     layout_small_grid, lair_entry_dummy
D:11:     layout_long_grid, kennysheep_orc_monster_closet_entryway
D:12:     layout_irregular_city, gauntlet_entry_generic, hex_large,
          minmay_misc_feat_hallway, minmay_misc_feat_alley
D:13:     layout_gridville, enter_trove_5, minivault_16, uniq_erolcha,
          uniq_azrael
D:14:     minmay_isolated_rectangles_in_corner, layout_basic, erik_vaults_2,
          hangedman_ranch, uniq_snorg
D:15:     gammafunk_enter_depths_forms, layout_rooms, amethyst_killhole,
          kennysheep_inner_square
Temple:   nicolae_temple_the_god_donut
Lair:1:   layout_cave_pods, kennysheep_abandoned_house
Lair:2:   cheibrodos_lair_overgrown_chateau, layout_gridlike,
          infiniplex_staircase_pool, grunt_megastairs_4, uniq_maggie
Lair:3:   layout_cave_shapes, minmay_snake_entry_six_corridors,
          ebering_ghost_rock_garden, minmay_lair_oklob_bushes, roderic_batcave,
          lemuel_fruit_fields
Lair:4:   layout_hall_layers, elwin_shoals_entry_stream
Lair:5:   layout_cave_shapes, minmay_slime_entry_oklob_open,
          serial_bayou_pond_d, wad_woods_road_01, serial_bayou_crossing
Lair:6:   hangedman_lair_tendril_chambers, layout_misc_corridors
Snake:1:  layout_onion_interference
Snake:2:  gammafunk_its_a_trap, layout_basic,
          portal_ice_cave_entry_ice_statue_one, grunt_ministairs_10
Orc:1:    layout_caves
Orc:2:    kennysheep_orc_mage_school, layout_diamond_mine, serial_shops, shop,
          uniq_josephine, uniq_maurice

Skill      XL: |  1  2  3  4  5  6  7  8  9 10 11 12 13 14 15 16 17 |
---------------+----------------------------------------------------+-----
Stealth        | 5 6 7 8 9 10 12 13 15 | 15.8
Fighting       | 2 3 4 5 6 7 8 9 10 | 10.2
Dodging        | 1 2 3 4 5 |  5.8
Short Blades   | 2 3 4 6 7 8 9 10 | 10.3
Slings         | 1 3 4 6 7 8 9 |  9.7
Armour         | 3 5 7 8 9 10 | 10.0
Shields        | 1 3 5 9 10 | 10.8
Throwing       | 3 4 |  4.5
Axes           | 5 11 | 11.5

Action                   |  1- 3 |  4- 6 |  7- 9 | 10-12 | 13-15 | 16-18 || total
-------------------------+-------+-------+-------+-------+-------+-------++-------
Melee: Dagger            |    86 |    91 |   304 |   515 |  1078 |   273 ||  2347
       Bite              |    18 |    31 |   115 |   200 |   549 |   226 ||  1139
       Punch             |       |     2 |     3 |    15 |     3 |     1 ||    24
       Short sword       |       |       |       |       |    35 |    48 ||    83
       Battleaxe         |       |       |       |       |       |   207 ||   207
 Fire: Hunting sling     |     7 |    56 |    81 |    78 |     8 |       ||   230
Throw: Dart              |       |       |       |     2 |     5 |     1 ||     8
       Boomerang         |       |       |       |       |    52 |     3 ||    55
Invok: Recall Ancestor   |       |       |       |     2 |       |     1 ||     3
       Ancestor Life: Ba |       |       |       |     1 |       |       ||     1
Evoke: Box of beasts     |       |       |       |       |     1 |       ||     1
  Use: Scroll            |     4 |     2 |     3 |    12 |    16 |     7 ||    44
       Potion            |       |     2 |     1 |       |     1 |     3 ||     7
 Stab: Sleeping          |     8 |     8 |     5 |    16 |     6 |    37 ||    80
       Distracted        |       |       |     2 |     7 |    11 |     9 ||    29
       Confused          |       |       |       |     4 |     8 |     1 ||    13
       Petrifying        |       |       |       |       |     1 |       ||     1
       Invisible         |       |       |       |       |       |     1 ||     1
       Paralysed         |       |       |       |       |       |     1 ||     1
Armor: Robe              |    24 |    25 |    77 |       |       |       ||   126
       Chain mail        |       |       |     9 |   252 |   454 |   207 ||   922
Dodge: Dodged            |    31 |    42 |   185 |   146 |   287 |   171 ||   862
Block: Other             |       |       |       |    61 |    31 |    51 ||   143
       Kite shield       |       |       |       |       |   791 |   249 ||  1040
       Reflection        |       |       |       |       |    14 |    13 ||    27
